[Event "Hungarian Youth-ch U16 2022"]
[Site "Eger"]
[Date "2022.07.29"]
[Round "7.2"]
[White "Szikszai, Bertalan"]
[Black "Onodi, Tamas"]
[Result "1/2-1/2"]
[ECO "B29"]
[WhiteElo "2153"]
[BlackElo "2030"]
[Annotator "TA"]
[PlyCount "152"]
[EventDate "2022.07.21"]
[EventType "tourn"]
[EventCountry "HUN"]
[SourceTitle "playchess.com"]
[Source "ChessBase"]
[SourceQuality "1"]
[TimeControl "40/5400+30:1800+30"]

1. e4 c5 2. Nf3 Nf6 3. e5 Nd5 4. Nc3 e6 5. Ne4 f5 6. Nc3 Nxc3 {[%emt 0:06:14] 6...Ne7 gains popularity. B29: Sicilian: 2 Nf3 Nf6 (Nimzowitsch Variation).} 7. dxc3 Be7 8. h4 Nc6 {[%emt 0:04:59] White is slightly better.} 9. Bf4 b6 10. Bd3 Bb7 11. Qe2 Qc7 12. O-O-O O-O-O 13. Rh3 Kb8 {[%emt 0:11:49] [#]} 14. Ng5 $146 (14. Rg3 Rhg8 15. Bc4 Na5 16. Ba6 Bxa6 17. Qxa6 h6 18. h5 Qc6 19. Kb1 Qe4 20. Bc1) ({Predecessor:} 14. Rg3 Rhg8 15. Bc4 Na5 16. Ba6 Bxa6 17. Qxa6 h6 18. h5 Qc6 19. Kb1 Qe4 20. Bc1 {0-1 (99) Netzer,J (2406)-Vitoux,C (2388) Haguenau 2013}) 14... Rdf8 {[%emt 0:11:52] Prevents Nf7.} 15. Rg3 h6 16. Nf3 Rhg8 17. h5 Bd8 18. Bb5 Bc8 19. Bc4 Na5 20. Ba6 Nc6 21. Bxc8 {[%emt 0:01:43] White is much more active. The black rooks are badly placed.} Kxc8 22. Qa6+ Kb8 23. Qd3 Rf7 24. a3 Re8 25. c4 Kc8 26. Qe3 Na5 27. Qe2 Qc6 28. b3 Qe4 29. Qd2 Qb7 30. Kb2 a6 31. a4 b5 (31... Ref8 $142) 32. axb5 axb5 33. cxb5 ({White should try} 33. Ra1 $16 Nc6 34. Qd3) 33... Qxb5 $14 {[%emt 0:00:07] ...Nc4+ is the strong threat.} 34. Qc3 {[%emt 0:00:32] Inhibits Nc4+.} Bc7 (34... Nc6 $11) 35. Ra1 $16 Nc6 ({Better is} 35... Kb7) 36. Ra8+ Bb8 37. Nd2 {[%emt 0:01:04] aiming for Nc4.} Kb7 38. Rxb8+ Kxb8 (38... Nxb8 $2 39. Nc4 Kc7 40. Nd6 $18) 39. Nc4 {[%emt 0:00:10] Against Na5} Qb4 (39... Ref8 $16) 40. Qxb4+ (40. Qd3 $1 $18) 40... cxb4 $14 41. Nd6 $36 {[%emt 0:07:17][%csl LRe8,LRf7][%mdl 2048] Black is under pressure.} Ree7 42. Nxf7 Rxf7 {[%emt 0:00:05][%mdl 4096] Endgame KRB-KRN} 43. c3 bxc3+ 44. Kxc3 ({Of course not} 44. Rxc3 Nb4 $11) 44... Kc7 45. Kc4 Kb6 (45... Ne7 $14) 46. b4 $1 $18 Ne7 47. Be3+ $1 Kb7 {[%emt 0:00:34] [#]} (47... Kc7 $18) 48. Bc5 (48. f4 $1 $16) 48... f4 $1 $11 49. Ra3 Nc8 {[%emt 0:03:50] Prevents Ra7+.} 50. Rd3 {[%emt 0:03:01] And now Kb5 would win.} Kc7 51. Kd4 Kc6 52. Ke4 Rf5 53. Rc3 d5+ (53... Nb6 $11 {keeps the balance.}) 54. Kd4 $16 {[%emt 0:01:09] Strongly threatening Bd6+.} Kb7 {[%emt 0:01:16] [#]} (54... Rxh5 $16 {was worth a try.} 55. Bd6+ Kd7) 55. Bd6 (55. g4 $1 $18 Rf7 56. b5) 55... Na7 56. Rc7+ Kb6 {[%emt 0:00:05] White must now prevent ...Nb5+.} 57. Rxg7 {[%emt 0:00:24] Hoping for Bc5+.} Nc6+ 58. Kd3 {[%emt 0:00:20] Threatens to win with Rg6.} Rxh5 59. Bc5+ Ka6 60. Rc7 Nxe5+ 61. Kd4 f3 (61... Kb5 $14) 62. Ra7+ $18 {[%emt 0:00:47][%mdl 1024] White has strong compensation.} Kb5 63. Ra5+ Kc6 64. Ra6+ $2 (64. b5+ $16 Kb7 65. Ra7+ Kb8 66. g4) 64... Kb7 $11 {[%emt 0:00:46] The position is equal.} 65. Rb6+ Kc8 66. gxf3 Nxf3+ 67. Ke3 Ng5 68. f4 Rh3+ 69. Ke2 Rh2+ 70. Ke3 Rh3+ 71. Ke2 Rh2+ 72. Kd1 Ne4 73. Rxe6 Nxc5 74. bxc5 Rf2 75. Rxh6 Rxf4 76. Rd6 Kc7 {[%emt 0:00:18] Weighted Error Value: White=0.16 (very precise) /Black=0.19 (very precise)} 1/2-1/2

[Event "Hungarian Youth-ch U16 2022"]
[Site "Eger"]
[Date "2022.07.29"]
[Round "7.3"]
[White "Fule, Simon"]
[Black "Borzsei, Andras"]
[Result "1-0"]
[ECO "B48"]
[WhiteElo "2271"]
[BlackElo "2002"]
[Annotator "TA"]
[PlyCount "59"]
[EventDate "2022.07.21"]
[EventType "tourn"]
[EventCountry "HUN"]
[SourceTitle "playchess.com"]
[Source "ChessBase"]
[SourceQuality "1"]
[TimeControl "40/5400+30:1800+30"]

1. e4 c5 2. Nf3 e6 3. d4 cxd4 4. Nxd4 Nc6 5. Nc3 Qc7 6. Be3 a6 7. a3 b5 8. Nxc6 Qxc6 9. Be2 {[%emt 0:00:16] 9.Bd3 is the modern continuation.} Bb7 {[%emt 0:00:06] B49: Sicilian: Taimanov: 5 Nc3 Qc7 6 Be3 a6 7 Be2.} 10. O-O Rc8 11. Qd3 $1 Nf6 {[%emt 0:04:04][%cal Rf6e4] White has an edge.} 12. Rfd1 Qc7 {[%emt 0:01:03] Against Bf4} 13. Bf3 h5 14. h3 {[%emt 0:07:55] [#]} Be7 $146 {[%emt 0:21:43] [#]} (14... Bc5) (14... Bc5 $14) ({Predecessor:} 14... e5 15. Rd2 Bc5 16. Nd1 Bxe3 17. Nxe3 g6 18. Nd1 Qc4 19. Nc3 Qxd3 20. Rxd3 Ke7 {½-½ (39) Petrova,K (2257)-Koutoukidis,P (2332) Heraklion 2018}) 15. e5 $1 $18 Bxf3 16. exf6 gxf6 (16... Bxd1 $142 17. fxg7 (17. fxe7 Bg4 $11) 17... Rg8) 17. gxf3 d5 18. Kh1 Qb8 19. Ne2 Rc4 20. Nd4 Qc8 21. c3 a5 22. Rg1 {[%emt 0:04:25] White is clearly winning.} Qd7 23. Rad1 Bd6 24. b3 Rc5 {[%emt 0:00:24] [#]} 25. Nf5 $1 Rc7 (25... exf5 26. Bxc5) 26. Nxd6+ Qxd6 27. Qxb5+ Ke7 28. b4 Qe5 29. Bc5+ Kd8 30. Qb8+ {[%emt 0:00:20] Black did not feel at home in the position after the opening.  Weighted Error Value: White=0.09 (flawless) /Black=0.48} 1-0

[Event "Hungarian Youth-ch U16 2022"]
[Site "Eger"]
[Date "2022.07.29"]
[Round "7.4"]
[White "Muranyi, Peter"]
[Black "Tran, David"]
[Result "1-0"]
[ECO "A69"]
[WhiteElo "2018"]
[BlackElo "2090"]
[Annotator "TA"]
[PlyCount "51"]
[EventDate "2022.07.21"]
[EventType "tourn"]
[EventCountry "HUN"]
[SourceTitle "playchess.com"]
[Source "ChessBase"]
[SourceQuality "1"]
[TimeControl "40/5400+30:1800+30"]

1. d4 Nf6 2. c4 g6 3. Nc3 Bg7 4. e4 d6 5. f4 c5 6. d5 e6 7. Nf3 exd5 8. cxd5 O-O 9. Be2 Re8 10. e5 dxe5 11. fxe5 Ng4 12. Bg5 Qa5 (12... f6 13. Bf4 Nxe5 14. Nxe5 fxe5 15. Be3) (12... Qb6 13. Qd2 (13. Qa4 Bd7) 13... Nxe5 14. Nxe5 Bxe5) 13. O-O (13. e6) 13... Nxe5 14. Nxe5 Bxe5 15. Bb5 {[%emt 0:19:18] A69: Modern Benoni: Four Pawns Attack with 9...Re8.} (15. Kh1) (15. Kh1 $5 ) 15... Bd7 {[%emt 0:02:35] [#]} 16. Bxd7 $146 (16. a4) ({White should try} 16. Qf3 $15 f5 17. Be2) ({Predecessor:} 16. Qf3 f6 17. Ne4 Bxb5 18. Nxf6+ Bxf6 19. Qxf6 Bxf1 20. Rxf1 Qc7 21. Bh6 Na6 22. d6 Qd7 23. Qf3 Rab8 24. Qb3+ c4 25. Qxc4+ Re6 26. Qf4 Ree8 27. Qc4+ Re6 28. Qf4 {½-½ (28) Mahecic,L (1854)-Markovic,D (2166) Grohote 2019}) 16... Nxd7 $17 17. Qf3 {[%emt 0:02:58] Black is better.} Bd4+ 18. Kh1 Ne5 (18... f6 19. Rab1 Qa6) (18... f6 $1 $17 19. Rab1 Qb6) 19. Qh3 (19. Qf6) (19. Qf6 $15) 19... f5 20. d6 c4 $2 (20... Nf7 $1 $17 21. d7 Re6) 21. Bf6 (21. Rad1 Bxc3 22. bxc3) (21. Rad1 $11 Bxc3 22. bxc3) 21... Nc6 $2 (21... Re6 22. Ne4 Nf7 23. Bxd4 Rxe4) (21... Re6 $17 {keeps the pressure on.} 22. Ne4 Nf7 $1 23. Bxd4 Rxe4) 22. Bxd4 $18 Nxd4 {[%emt 0:00:14] [#]} 23. Rad1 $1 Nc6 {[%emt 0:11:13] [#]} 24. Qh4 $2 (24. Nd5 Re5 25. Nf6+ Kg7 26. Qxh7+ (26. Qh4 Qd8) 26... Kxf6 27. g4 (27. Qxb7 Rd8)) (24. Nd5 $1 $18 {Hoping for g4.} Re2 25. Qh4) 24... Ne5 {[%emt 0:02:09][%mdl 8192] Prevents g4.} (24... Rad8 $11) 25. d7 Re6 26. d8=Q+ {Weighted Error Value: White=0.40/Black=1.58} 1-0

[Event "Hungarian Youth-ch U16 2022"]
[Site "Eger"]
[Date "2022.07.29"]
[Round "7.5"]
[White "Bodo, Boglarka"]
[Black "Karacsonyi, Kata"]
[Result "0-1"]
[ECO "A00"]
[WhiteElo "1722"]
[BlackElo "2147"]
[Annotator "TA"]
[PlyCount "48"]
[EventDate "2022.07.21"]
[EventType "tourn"]
[EventCountry "HUN"]
[SourceTitle "playchess.com"]
[Source "ChessBase"]
[SourceQuality "1"]
[TimeControl "40/5400+30:1800+30"]

1. g3 c5 2. Bg2 Nc6 3. d3 g6 4. e4 Bg7 5. Ne2 e6 6. f4 Nge7 7. Nd2 d5 8. c3 O-O 9. O-O b6 {[%emt 0:03:58] B20: Sicilian: Unusual White 2nd moves.} 10. Nf3 Ba6 {[%emt 0:01:52][%cal Bc8a6,Ba6d3,Bd3e4,Be4d5][%mdl 32] [#] White must now prevent ...dxe4.} 11. Qc2 (11. e5 $11) 11... dxe4 $19 {[%emt 0:00:53] Black is clearly better.} 12. dxe4 Bd3 13. Qd2 Bxe4 {[%emt 0:00:13] [#]} 14. Qe3 $146 ({Predecessor:} 14. Qe1 Qc7 15. g4 Rad8 16. Qh4 Bd3 17. Re1 Nd5 18. Ng5 h6 19. Nh3 b5 20. Qg3 {0-1 (65) Sukha,T-Romanchuk,V Kiev 1999}) 14... Bd5 $36 {[%emt 0:05:44][%mdl 2048] White is under strong pressure.} 15. Rd1 Qc7 16. b3 Rad8 17. Bb2 c4 18. Ned4 (18. bxc4 $142 Bxc4 19. Ned4) 18... Nxd4 19. Nxd4 Bxg2 20. Kxg2 Rd7 21. Ba3 (21. bxc4 {was worth a try.} Qxc4 22. Qd3) 21... Nd5 ({Wrong is} 21... Bxd4 $2 22. cxd4 Nf5 23. Qe4 $19) 22. Qf3 Rfd8 {[%emt 0:01:17][%cal Od5c3] [#] And now ...Nxc3! would win.} 23. Nb5 (23. Rac1) 23... Qc6 {[%emt 0:01:24][%csl LRb5,LRc3] ( -> ...Ne3+)} 24. Nd4 Ne3+ {[%emt 0:00:10] White got outplayed after the opening.  Weighted Error Value: White=0.60/Black=0.05 (flawless)} 0-1

[Event "Hungarian Youth-ch U16 2022"]
[Site "Eger"]
[Date "2022.07.29"]
[Round "7.6"]
[White "Kovacs, Veronika"]
[Black "Buri, Petra Zsuzsanna"]
[Result "1-0"]
[ECO "A05"]
[WhiteElo "1633"]
[BlackElo "1784"]
[Annotator "NA RC COMBH"]
[PlyCount "71"]
[EventDate "2022.07.21"]
[EventType "tourn"]
[EventCountry "HUN"]
[SourceTitle "playchess.com"]
[Source "ChessBase"]
[SourceQuality "1"]
[TimeControl "40/5400+30:1800+30"]

1. Nf3 Nf6 2. g3 d6 3. Bg2 Nbd7 4. O-O e5 5. d3 c6 6. c4 Be7 7. Nc3 O-O 8. a3 a5 9. Bd2 Nc5 10. b4 axb4 11. axb4 Rxa1 12. Qxa1 Nb3 13. Qb2 Nxd2 14. Nxd2 Be6 15. Ra1 Qd7 16. Ra7 Rb8 17. b5 Qe8 18. Qa1 d5 19. bxc6 bxc6 20. cxd5 cxd5 21. Nf3 Bc5 22. Ra6 Ng4 23. e3 f6 24. d4 exd4 25. Nxd4 Bf7 26. Nxd5 Rd8 27. Nc7 Qd7 28. Ncb5 Bc4 29. Bf1 Bxb5 30. Bxb5 Qd5 31. Bc6 Qh5 32. h4 Bxd4 33. exd4 Qf5 34. Qa2+ Kh8 35. Ra8 Rc8 36. Bb7 1-0

[Event "Hungarian Youth-ch U16 2022"]
[Site "Eger"]
[Date "2022.07.29"]
[Round "7.7"]
[White "Harkai, Emma"]
[Black "Sipos, Stefania"]
[Result "1/2-1/2"]
[ECO "C41"]
[WhiteElo "1761"]
[BlackElo "1802"]
[Annotator "NA RC COMBH"]
[PlyCount "77"]
[EventDate "2022.07.21"]
[EventType "tourn"]
[EventCountry "HUN"]
[SourceTitle "playchess.com"]
[Source "ChessBase"]
[SourceQuality "1"]
[TimeControl "40/5400+30:1800+30"]

1. e4 e5 2. Nf3 d6 3. Bc4 Nf6 4. d3 Be7 5. h3 Nbd7 6. Bxf7+ Kxf7 7. Ng5+ {[%emt 0:00:18] [#]} Kg8 ({Better is} 7... Kg6 $1 $17 8. f4 exf4) 8. Ne6 Qe8 9. Nxc7 {[%emt 0:00:27] [#]} Qg6 $1 10. Nxa8 Qxg2 11. Rf1 Nc5 12. Be3 (12. Nc7 $15) 12... Bxh3 13. Nd2 {[%emt 0:00:27] [#]} Ng4 $1 14. Bxc5 dxc5 15. c3 $2 (15. Qe2 Nh2 16. O-O-O Nxf1 17. Rxf1) 15... h6 16. Nc7 Nh2 17. Qb3+ Kh7 18. O-O-O Nxf1 19. Nxf1 Qxf2 20. Nd2 $19 Bg5 21. Ne6 Be3 22. Nc7 Bg4 23. Nd5 Bxd1 24. Qxd1 Qxd2+ 25. Qxd2 Bxd2+ 26. Kxd2 h5 27. Ne3 Rf8 28. Ke2 g6 29. b4 cxb4 30. cxb4 Kh6 31. Nc4 Re8 32. Kf3 Kg5 33. Ne3 Kh4 34. Kg2 g5 35. Nf5+ Kg4 36. Ne3+ Kf4 37. Nd5+ Kg4 38. Ne3+ Kf4 39. Nd5+ 1/2-1/2

[Event "Hungarian Youth-ch U16 2022"]
[Site "Eger"]
[Date "2022.07.30"]
[Round "8.1"]
[White "Kocsmar, Akos"]
[Black "Tran, David"]
[Result "0-1"]
[ECO "E71"]
[WhiteElo "2061"]
[BlackElo "2090"]
[Annotator "TA"]
[PlyCount "36"]
[EventDate "2022.07.21"]
[EventType "tourn"]
[EventCountry "HUN"]
[SourceTitle "playchess.com"]
[Source "ChessBase"]
[SourceQuality "1"]
[TimeControl "40/5400+30:1800+30"]

1. d4 Nf6 2. c4 g6 3. Nc3 Bg7 4. e4 d6 5. h3 O-O 6. Be3 e5 7. d5 a5 8. g4 {[%emt 0:00:05] E71: King's Indian: 4 e4 d6 5 h3.} Na6 9. Nge2 Nd7 10. Ng3 {[%emt 0:01:35] White is slightly better.} Ndc5 11. h4 f5 12. gxf5 gxf5 13. exf5 Bxf5 {[%emt 0:00:14] [#]} 14. h5 $146 ({Predecessor:} 14. Nxf5 Rxf5 15. h5 Qf6 16. Qg4 Kf7 17. h6 Bh8 18. Bh3 Rf4 19. Bxf4 exf4 20. O-O-O {1-0 (27) Cuenca Jimenez,J (2552)-Gemy Vargas,J (2381) Mexico City 2022}) 14... Qf6 (14... Qd7 $16 {is more resistant.}) 15. Qd2 $2 (15. h6 $18 {is the precise move to win.}) 15... h6 (15... Bg4 $2 16. h6 $18) 16. Nxf5 Qxf5 {[%emt 0:00:57] [#]} 17. O-O-O $1 {[%emt 0:00:13] Strongly threatening Bh3.} Nb4 {[%emt 0:04:51][%cal Ob4a2] ( -> ...Nxa2+!)} 18. Be2 $2 {[%emt 0:05:18][%mdl 8192] [#]} (18. Rg1 $2 {[#] is a self mate.} Nxa2+ $1 19. Nxa2 Nb3#) (18. Bxc5 $16 dxc5 19. Rg1) 18... Nxa2+ $1 {[%emt 0:00:24][%mdl 512] Weighted Error Value: White=0.83/Black=0.72} 0-1

[Event "Hungarian Youth-ch U16 2022"]
[Site "Eger"]
[Date "2022.07.30"]
[Round "8.2"]
[White "Borzsei, Andras"]
[Black "Muranyi, Peter"]
[Result "0-1"]
[ECO "A40"]
[WhiteElo "2002"]
[BlackElo "2018"]
[Annotator "TA"]
[PlyCount "66"]
[EventDate "2022.07.21"]
[EventType "tourn"]
[EventCountry "HUN"]
[SourceTitle "playchess.com"]
[Source "ChessBase"]
[SourceQuality "1"]
[TimeControl "40/5400+30:1800+30"]

1. d4 b6 2. c4 e6 3. a3 Bb7 4. Nc3 f5 5. Nf3 Nf6 6. d5 Bd6 7. g3 {[%emt 0:01:39] A40: Unusual replies to 1 d4.} Na6 8. b4 {[%emt 0:00:44][%cal Bb2b4,Bb4b5][%mdl 32] Against Nc5} c6 9. dxe6 {[%emt 0:19:43] White has an edge.} dxe6 {[%emt 0:00:11] [#]} 10. Qb3 $146 (10. Bg2) ({Predecessor:} 10. Bg2 c5 11. O-O O-O 12. b5 Nb8 13. Bf4 Bxf4 14. Qxd8 Rxd8 15. gxf4 Kf8 16. Rfd1 Rxd1+ 17. Rxd1 {½-½ (76) Prohaszka,P (2572)-Lizak,P (2408) Hungary 2014}) 10... Qe7 11. Bg2 O-O 12. O-O c5 {[%emt 0:05:13][%cal Rc5b4] Prevents Nd4.} 13. b5 Nc7 14. a4 e5 15. a5 Ne6 16. a6 (16. Nh4 $11 {keeps the balance.} Nd4 17. Qd1) 16... Bxf3 $17 17. Bxf3 e4 18. Bg2 Nd4 (18... Rad8) 19. Qd1 Be5 20. Ra3 (20. Bg5 $15) 20... Rad8 {[%emt 0:04:07][%cal Od4b5] Black is more active.} 21. Qa4 (21. Bg5 $17) 21... Qd6 (21... Qf7 $19 {Strongly threatening ...Qh5.} 22. Ra2 Ne6) 22. Kh1 (22. Bg5 $1 $11 {remains equal.}) 22... h6 23. f4 (23. Ra2 $17) 23... exf3 $1 $19 24. Bxf3 (24. exf3 $17 Bxg3 25. f4) 24... Bxg3 25. hxg3 (25. Nd5 {might work better.} Bxh2 26. Nxf6+ Rxf6 27. Bd5+ Kh8 28. Qd1) 25... Qxg3 26. Nd5 Qh4+ 27. Kg2 {[%emt 0:00:40] And now Rh1 would win.} Ne4 28. Bxe4 fxe4 $40 {[%emt 0:00:06][%mdl 128] White needs to defend precisely.} (28... Qxe4+ $19 29. Raf3 Rd6) 29. Bf4 $2 (29. Qd1 $11 {and White has nothing to worry.}) 29... Nxe2 $2 {[%emt 0:01:03] Chess con chili.} ({Inferior is} 29... Qg4+ 30. Rg3 Qxe2+ 31. Rf2 $11) (29... e3 $19 {[%cal Od8d5] and Black stays clearly on top. ( -> ...Rxd5!)} 30. Qd1 {[#]} Rxd5 $1 31. cxd5 Rxf4 32. Rxf4 Qxf4) 30. Rh3 $2 {[%emt 0:01:44][%mdl 8192] [#] Now White is beyond hope.} Qg4+ {[%emt 0:00:39] Black mates.} 31. Kh2 Nxf4 32. Ne7+ Kh7 33. Rg3 Rd2+ {[%emt 0:00:10] Weighted Error Value: White=0.71/Black=0.38} 0-1

[Event "Hungarian Youth-ch U16 2022"]
[Site "Eger"]
[Date "2022.07.30"]
[Round "8.4"]
[White "Pasztor, Balazs"]
[Black "Szikszai, Bertalan"]
[Result "1/2-1/2"]
[ECO "B45"]
[WhiteElo "2336"]
[BlackElo "2153"]
[Annotator "TA"]
[PlyCount "35"]
[EventDate "2022.07.21"]
[EventType "tourn"]
[EventCountry "HUN"]
[SourceTitle "playchess.com"]
[Source "ChessBase"]
[SourceQuality "1"]
[TimeControl "40/5400+30:1800+30"]

1. e4 c5 2. Nc3 Nc6 3. Nf3 e6 4. d4 cxd4 5. Nxd4 Nf6 6. a3 e5 {[%emt 0:11:07] B45: Sicilian Four Knights.} 7. Ndb5 {[%emt 0:07:20] Black must now prevent Bg5.} d6 $1 {[%emt 0:04:52] And now ...a6 would win.} 8. Nd5 Nxd5 9. exd5 Ne7 10. c4 {[%emt 0:03:46] Qa4 is the strong threat.} Nf5 11. Bd3 {[%emt 0:12:50] [#] Threatens to win with Qa4.} a6 $146 {[%emt 0:01:54] [#]} (11... g6 $11 {remains equal.}) ({Predecessor:} 11... Be7 12. O-O a6 13. Nc3 O-O 14. Kh1 Nh4 15. f4 f5 16. Qc2 e4 17. Be2 g5 {1-0 (42) Ganerdene,S (2427)-Diakonova,E (2188) Moscow 2020}) 12. Qa4 $1 $16 {[%emt 0:12:23] aiming for Nxd6+.} Ke7 13. c5 {[%emt 0:10:12] White is more active.} (13. Nc3 $14) 13... dxc5 $11 14. Bxf5 (14. O-O $14) 14... Bxf5 $15 15. d6+ Kd7 16. Nc7+ b5 17. Qb3 {[%emt 0:02:46] The board is on fire.} Bxd6 (17... c4 $5 18. Qf3 {[#]} Bxd6 $1 19. Nxa8 Ke6 $15) 18. Nxa6 $2 {[%emt 0:07:38][%mdl 40960] Weighted Error Value: White=0.23 (precise) /Black=0.14 (very precise) . An unexpected result.} 1/2-1/2

[Event "Hungarian Youth-ch U16 2022"]
[Site "Eger"]
[Date "2022.07.30"]
[Round "8.5"]
[White "Harkai, Emma"]
[Black "Bodo, Boglarka"]
[Result "*"]
[ECO "B00"]
[WhiteElo "1761"]
[BlackElo "1722"]
[Annotator "NA RC COMBH"]
[PlyCount "25"]
[EventDate "2022.07.21"]
[EventType "tourn"]
[EventCountry "HUN"]
[SourceTitle "playchess.com"]
[Source "ChessBase"]
[SourceQuality "1"]
[TimeControl "40/5400+30:1800+30"]

1. e4 e5 2. Nf3 Nc6 3. Bc4 Bc5 4. c3 Nf6 5. d3 d6 6. a4 a5 7. O-O h6 8. Ba2 O-O 9. Nbd2 Bg4 10. h3 Bh5 11. Re1 Qd7 12. Nc4 Ne7 13. Be3 *

[Event "Hungarian Youth-ch U16 2022"]
[Site "Eger"]
[Date "2022.07.30"]
[Round "8.5"]
[White "Bodo, Boglarka"]
[Black "Buri, Petra Zsuzsanna"]
[Result "0-1"]
[ECO "C54"]
[WhiteElo "1722"]
[BlackElo "1784"]
[Annotator "NA COMBH"]
[PlyCount "130"]
[EventDate "2022.07.21"]
[EventType "tourn"]
[EventCountry "HUN"]
[SourceTitle "playchess.com"]
[Source "ChessBase"]
[SourceQuality "1"]
[TimeControl "40/5400+30:1800+30"]

1. e4 e5 2. Nf3 Nc6 3. Bc4 Bc5 4. c3 Nf6 5. d3 d6 6. a4 a5 7. O-O h6 8. Ba2 O-O 9. Nbd2 Bg4 10. h3 Bh5 11. Re1 Qd7 12. Nc4 Ne7 13. Be3 Bxe3 14. Nxe3 Bg6 15. Nh4 Bh7 16. Qf3 Ng6 17. Nxg6 Bxg6 18. Qg3 Kh8 19. Ng4 Nxg4 20. Qxg4 Qxg4 21. hxg4 f6 22. f3 c6 23. c4 Rfd8 24. Rac1 Bf7 25. Kf2 Rd7 26. Ke3 Rad8 27. Red1 d5 28. cxd5 cxd5 29. Bxd5 Bxd5 30. exd5 Rxd5 31. Rc3 b5 32. axb5 Rxb5 33. Rd2 Rdb8 34. Rcc2 Rb4 35. Rf2 Kh7 36. Rc5 R8b5 37. Rxb5 Rxb5 38. Rc2 Kg6 39. g3 h5 40. gxh5+ Kxh5 41. Rh2+ Kg5 42. g4 g6 43. Rc2 f5 44. Rg2 Kf6 45. gxf5 gxf5 46. f4 Rb4 47. fxe5+ Kxe5 48. Rc2 f4+ 49. Kf3 Kd4 50. Rd2 Rb3 51. Kxf4 Rxd3 52. Rc2 a4 53. Rc8 Rb3 54. Rc2 Rb4 55. Kf3 Kd3 56. Rg2 Kc4 57. Ke3 Kb3 58. Kd3 Ka2 59. Rc2 Rxb2 60. Kc3 a3 61. Rc1 Rb3+ 62. Kc4 Kb2 63. Rg1 Rc3+ 64. Kb4 a2 65. Rh1 Rc2 0-1

[Event "Hungarian Youth-ch U16 2022"]
[Site "Eger"]
[Date "2022.07.30"]
[Round "8.6"]
[White "Karacsonyi, Kata"]
[Black "Sipos, Stefania"]
[Result "1-0"]
[ECO "C41"]
[WhiteElo "2147"]
[BlackElo "1802"]
[Annotator "TA"]
[PlyCount "108"]
[EventDate "2022.07.21"]
[EventType "tourn"]
[EventCountry "HUN"]
[SourceTitle "playchess.com"]
[Source "ChessBase"]
[SourceQuality "1"]
[TimeControl "40/5400+30:1800+30"]

1. e4 e5 2. Nf3 d6 3. d4 exd4 4. Nxd4 Nf6 5. Nc3 g6 (5... Be7) 6. Be2 Bg7 7. Be3 O-O {[%emt 0:01:16] C41: Philidor Defence.} 8. f3 {[%emt 0:20:10] [#]} d5 $146 ({Predecessor:} 8... Nc6 9. Qd2 Bd7 10. O-O-O a6 11. g4 b5 12. h4 h5 13. g5 Ne8 14. f4 Nxd4 15. Bxd4 {1-0 (27) Johnson,B (2104)-Nugumanov,B (2364) Chess.com INT 2022}) 9. e5 (9. Bg5 $5 h6 10. Bxf6 Qxf6 {[#]} 11. Nxd5 $1 Qxd4 12. Qxd4 Bxd4 13. Nxc7 $11) 9... Nfd7 {[%emt 0:01:39] Black has an edge.} 10. e6 Ne5 11. f4 Nec6 12. exf7+ Rxf7 13. O-O Nxd4 14. Bxd4 c6 15. Kh1 Bf5 16. Bxg7 Kxg7 17. Qd2 (17. g4 $5 Bd7 18. f5 $14) 17... Nd7 18. Rae1 {[%emt 0:09:12] Black must now prevent g4.} Nf6 {[%emt 0:04:24] Inhibits g4.} 19. Bd3 Qd7 20. Bxf5 Qxf5 21. Re5 Qd7 22. h3 Re8 23. Qd4 Rfe7 24. Rfe1 b6 25. b4 Re6 26. g4 Kg8 27. f5 (27. Kg2 $11 {remains equal.}) 27... Rxe5 ({Black should play} 27... gxf5 $17 {[%cal Oc6c5] ...c5! is the strong threat.} 28. gxf5 Rxe5 29. Rxe5 Kf7 30. Rxe8 Nxe8) 28. Rxe5 $11 c5 (28... Kf7 $11) 29. bxc5 $16 ({Don't play} 29. Nxd5 $6 Nxd5 30. Rxe8+ (30. Rxd5 Qb5 $11) (30. Qxd5+ Qxd5+ 31. Rxd5 cxb4 $11) 30... Qxe8 $11) 29... bxc5 30. Rxe8+ (30. Nxd5 {with more complications.} Kg7 31. Rxe8 cxd4 32. Re7+) 30... Nxe8 31. Qxc5 {[%emt 0:02:45][%mdl 4096] [#] Endgame aiming for fxg6. KQN-KQN. White is more active.} d4 $2 {[%emt 0:00:36] Black cannot hold the game after this.} (31... gxf5 $14 32. Nxd5 (32. Qxd5+ Qxd5+ 33. Nxd5 fxg4 $14) 32... fxg4) 32. Qd5+ Qxd5+ 33. Nxd5 gxf5 $18 {[%emt 0:00:26] KN-KN} (33... Kf7 $142 34. fxg6+ Kxg6 35. Ne7+ Kf6) 34. Ne7+ ({Much less strong is} 34. gxf5 $6 Ng7 $16) 34... Kf7 35. Nxf5 Ke6 36. Nxd4+ Kd5 37. Ne2 Nf6 38. Kg2 Ke4 39. Kf2 Nd5 40. a3 {[%emt 0:00:00] Inhibits Nb4.} Nb6 41. Nc3+ Kd4 $2 (41... Kf4 $16 {is a better chance.} 42. Ne2+ Ke4) 42. Nb5+ Kc4 43. Nxa7 Kc3 (43... Nd5 $142 44. Nc6 Nb6 45. Ne5+ Kd5) 44. Kg3 Kxc2 45. Kh4 Nd5 46. Kg5 {[%emt 0:00:47] Threatens to win with Nb5.} Kb3 47. Nb5 {[%emt 0:03:24] Hoping for Kh6.} Ka4 48. Nd4 {[%emt 0:00:17] White wants to mate with Kh6.} Kxa3 49. Kh6 {[%emt 0:00:33] White mates.} Nf4 50. h4 Ng6 51. Nf5 Ne5 52. g5 Kb4 53. Kxh7 Kc5 54. g6 Kd5 {Weighted Error Value: White=0.12 (very precise) /Black=0.48} 1-0

[Event "Hungarian Youth-ch U16 2022"]
[Site "Eger"]
[Date "2022.07.30"]
[Round "8.6"]
[White "Sipos, Stefania"]
[Black "Kovacs, Veronika"]
[Result "*"]
[ECO "C41"]
[WhiteElo "1802"]
[BlackElo "1633"]
[Annotator "NA RC COMBH"]
[PlyCount "20"]
[EventDate "2022.07.21"]
[EventType "tourn"]
[EventCountry "HUN"]
[SourceTitle "playchess.com"]
[Source "ChessBase"]
[SourceQuality "1"]
[TimeControl "40/5400+30:1800+30"]

1. e4 e5 2. Nf3 d6 3. d4 exd4 4. Nxd4 Nf6 5. Nc3 g6 (5... Be7 $11 {might be stronger.}) 6. Be2 Bg7 7. Be3 O-O 8. f3 d5 9. e5 Nfd7 10. e6 $15 Ne5 *